Map: Prion Terraces

Players

ILLBdA - Winner!

  • Race: Protoss Protoss
  • League: Diamond

Black

  • Race: Terran Terran
  • League: Platinum

VOD

Have the link to the VOD?

Description

Time

  • Played on: Dec. 23, 2015, 10:23 a.m.
  • Length: 15:45
Show
View Real Time Build Order
Export as new Build Order

ILLBdA Protoss - Winner!

Build Orders: 1 Gate Expand 

Get SALT Encoding   

  12  0:01  Probe (Chrono Boost)  
  13  0:11  Probe (Chrono Boost)  
  14  0:17  Pylon  
  14  0:22  Probe (Chrono Boost)  
  15  0:35  Probe (Chrono Boost)  
  16  0:37  Gateway  
  16  0:46  Probe (Chrono Boost), Assimilator  
  17  0:56  Probe (Chrono Boost)  
  18  1:07  Probe (Chrono Boost)  
  19  1:17  Probe (Chrono Boost)  
  20  1:24  Nexus  
  20  1:34  Cybernetics Core  
  20  1:35  Probe (Chrono Boost)  
  21  1:46  Probe (Chrono Boost)  
  22  1:47  Pylon  
  22  1:50  Assimilator  
  22  1:56  Probe (Chrono Boost)  
  23  2:07  Probe (Chrono Boost)  
  24  2:10  Warp Gate  
  24  2:11  Adept (Chrono Boost)  
  26  2:20  Mothership Core  
  27  2:46  Probe  
  27  2:48  Probe  
  27  2:49  Stalker (Chrono Boost)  
  31  2:58  Probe x2  
  31  3:02  Robotics Facility  
  33  3:09  Probe (Chrono Boost)  
  33  3:11  Probe (Chrono Boost)  
  35  3:21  Probe (Chrono Boost)  
  35  3:23  Probe (Chrono Boost)  
  37  3:29  Pylon  
  37  3:32  Probe (Chrono Boost)  
  37  3:33  Probe (Chrono Boost)  
  39  3:42  Probe (Chrono Boost)  
  39  3:44  Probe (Chrono Boost)  
  41  3:48  Adept  
  41  3:49  Warp Prism (Chrono Boost)  
  41  3:53  Gateway  
  41  3:55  Gateway  
  45  4:00  Gateway  
  45  4:08  Gateway  
  45  4:16  Pylon  
  45  4:20  Probe  
  45  4:22  Probe  
  47  4:32  Probe  
  48  4:48  Probe  
  48  4:51  Assimilator  
  49  4:53  Robotics Bay  
  49  4:55  Assimilator  
  49  4:57  Sentry, Adept  
  49  4:58  Adept x2  
  57  5:14  Observer (Chrono Boost)  
  50  5:22  Probe  
  50  5:23  Probe  
  50  5:33  Probe  
  50  5:35  Probe  
  52  5:40  Disruptor (Chrono Boost)  
  55  5:43  Probe, Adept x3  
  55  5:47  Pylon  
  62  5:53  Gravitic Drive  
  62  6:00  Pylon  
  62  6:04  Probe, Pylon  
  62  6:05  Probe  
  70  6:11  Colossus (Chrono Boost)  
  70  6:17  Probe, Pylon  
  70  6:18  Probe  
  72  6:27  Stalker x2, Probe  
  72  6:31  Probe  
  72  6:32  Stalker  
  80  6:38  Probe  
  81  6:40  Pylon  
  81  6:42  Sentry x2  
  81  6:43  Probe  
  86  6:58  Disruptor (Chrono Boost)  
  89  7:05  Probe  
  90  7:09  Pylon  
  90  7:11  Pylon  
  90  7:20  Stalker x4  
  90  7:21  Stalker  
  100  7:43  Adept x2  
  94  7:58  Stalker x3  
  104  8:07  Disruptor (Chrono Boost)  
  101  8:15  Stalker x2  
  105  8:21  Probe  
  105  8:24  Forge  
  106  8:29  Extended Thermal Lance (Chrono Boost), Nexus  
  106  8:33  Pylon  
  106  8:34  Adept x2  
  106  8:35  Adept  
  106  8:36  Robotics Facility  
  106  8:37  Pylon  
  112  8:54  Probe  
  113  8:59  Disruptor  
  113  9:01  Protoss Ground Armor Level 1 (Chrono Boost)  
  116  9:04  Photon Cannon  
  116  9:06  Photon Cannon  
  116  9:08  Stalker  
  115  9:27  Probe  
  115  9:28  Probe  
  120  9:34  Disruptor  
  120  9:36  Disruptor  
  123  9:39  Probe  
  123  9:40  Probe  
  123  9:41  Probe  
  126  9:51  Assimilator  
  126  9:52  Probe x2  
  128  9:53  Assimilator  
  128  9:58  Twilight Council  
  128  10:04  Probe x2, Pylon  
  130  10:10  Disruptor (Chrono Boost)  
  130  10:11  Disruptor (Chrono Boost)  
  136  10:16  Probe x2  
  138  10:25  Stalker x4  
  138  10:26  Stalker  
  138  10:28  Probe  
  149  10:34  Blink  
  149  10:43  Pylon  
  149  10:45  Observer (Chrono Boost)  
  150  10:52  Pylon  
  150  10:53  Colossus (Chrono Boost)  
  150  10:56  Gateway  
  156  10:58  Gateway  
  156  10:59  Gateway  
  156  11:02  Pylon  
  156  11:03  Stalker x2  
  160  11:04  Stalker  
  168  11:11  Colossus (Chrono Boost)  
  168  11:16  Protoss Ground Armor Level 2 (Chrono Boost)  
  168  11:22  Stalker  
  168  11:23  Stalker  
  172  11:32  Pylon  
  172  11:40  Gateway  
  172  11:43  Colossus (Chrono Boost)  
  172  11:44  Gateway x2  
  178  11:53  Pylon  
  178  11:54  Pylon  
  178  11:57  Stalker x2  
  182  12:05  Immortal (Chrono Boost)  
  186  12:12  Nexus  
  186  12:25  Probe  
  186  12:29  Templar Archives  
  187  12:32  Probe  
  187  12:35  Colossus  
  194  12:39  Stalker x2  
  194  12:40  Stalker  
  200  12:47  Pylon  
  200  12:49  Pylon  
  200  12:51  Pylon  
  200  13:07  Psionic Storm  
  196  13:25  Zealot  
  196  13:26  Zealot x4  
  196  13:53  Colossus  
  196  13:55  Observer  
  175  14:15  Colossus  
  175  14:23  Assimilator  
  175  14:24  Probe  
  175  14:25  Assimilator  
  175  14:27  Pylon  
  175  14:39  Stalker x3  
  175  14:40  Stalker x3  
  175  14:41  Stalker x2  
  175  14:42  Stalker  
Show
View Real Time Build Order
Export as new Build Order

Black Terran 

Build Orders: MMM Bio 

Get SALT Encoding   

  12  0:00  SCV  
  13  0:13  SCV  
  14  0:17  Supply Depot  
  14  0:25  SCV  
  15  0:39  SCV, Barracks  
  16  0:46  Refinery  
  16  0:52  SCV  
  17  1:04  SCV  
  18  1:17  SCV  
  19  1:29  SCV  
  19  1:31  Reaper  
  19  1:32  Supply Depot  
  21  1:41  Orbital Command  
  21  1:47  Refinery  
  21  2:03  Marine  
  22  2:08  Factory  
  22  2:14  SCV  
  23  2:23  Marine  
  23  2:25  Command Center  
  24  2:41  Marine  
  25  2:44  SCV  
  26  2:51  Widow Mine  
  26  2:54  Starport  
  26  2:56  SCV  
  29  2:59  Marine  
  30  3:08  SCV  
  31  3:31  Supply Depot  
  31  3:36  SCV, Marine, Widow Mine  
  35  3:43  Medivac  
  35  3:44  Orbital Command  
  37  3:49  SCV  
  37  3:50  Barracks  
  37  3:51  Barracks  
  37  3:54  Marine  
  39  3:58  Engineering Bay  
  39  4:01  SCV  
  40  4:08  Widow Mine  
  42  4:11  SCV  
  42  4:13  SCV  
  44  4:31  Marine  
  44  4:34  SCV  
  46  4:39  Bunker  
  46  4:46  SCV  
  46  4:47  Barracks Tech Lab x2  
  46  4:49  Factory Tech Lab, Marine  
  48  4:53  SCV  
  48  4:54  Command Center, Starport Reactor  
  48  4:59  Missile Turret  
  49  5:05  SCV  
  50  5:07  Marine  
  50  5:12  Marine x2  
  51  5:17  SCV  
  48  5:24  Marine  
  49  5:30  Marine x2  
  49  5:39  Starport Reactor  
  49  5:40  Combat Shields, Stimpack  
  47  5:44  Barracks Reactor  
  47  5:45  Cyclone  
  47  5:46  SCV  
  47  5:47  Marine  
  47  5:48  Marauder  
  54  6:00  Supply Depot  
  54  6:06  SCV  
  54  6:07  Missile Turret  
  54  6:09  Missile Turret  
  54  6:10  Terran Infantry Weapons Level 1  
  55  6:18  SCV  
  56  6:22  Supply Depot, Medivac x2  
  60  6:27  Marine, Marauder x2  
  60  6:28  Marine  
  60  6:29  SCV  
  60  6:30  Missile Turret  
  67  6:41  SCV  
  67  6:43  Missile Turret  
  67  6:46  Siege Tank  
  71  6:52  Orbital Command  
  71  6:53  SCV  
  71  7:03  Refinery x2  
  71  7:07  Missile Turret  
  71  7:08  Missile Turret  
  71  7:09  Marauder x2  
  71  7:10  Marine x2  
  77  7:19  Supply Depot  
  77  7:28  Marine  
  78  7:30  Missile Turret x2  
  78  7:36  Marine  
  83  7:37  Marauder x2  
  83  7:39  SCV x2  
  83  7:41  SCV  
  83  7:44  Supply Depot  
  86  7:45  Supply Depot, Marine  
  72  7:51  Missile Turret  
  72  7:54  Marine  
  72  7:58  Marauder x2  
  72  8:03  Marine  
  72  8:05  Siege Tank  
  75  8:08  SCV  
  75  8:12  Marine  
  74  8:19  Marauder  
  78  8:20  Marauder  
  78  8:21  Marine  
  79  8:30  Marine  
  80  8:36  Supply Depot  
  80  8:37  Siege Tank  
  80  8:38  Orbital Command  
  80  8:39  Marine  
  80  8:40  Supply Depot, Marine  
  87  8:41  Marauder  
  87  8:48  Marine  
  88  8:53  Terran Infantry Armor Level 1  
  88  8:57  Engineering Bay, Marine  
  88  8:59  Marauder  
  88  9:02  Marine  
  92  9:05  Marine  
  93  9:14  Marine  
  86  9:20  Marauder x2  
  86  9:23  Marine  
  89  9:24  Concussive Shells  
  89  9:29  Barracks  
  89  9:32  SCV, Barracks x2, Marine  
  89  9:33  SCV  
  89  9:37  SCV  
  93  9:41  Marauder, Marine  
  93  9:43  Medivac x2  
  93  9:44  SCV  
  93  9:45  SCV  
  102  9:49  SCV  
  103  9:54  Armory  
  103  9:56  SCV  
  104  10:14  Command Center, Marauder x2, Marine x2  
  108  10:15  Siege Tank, Medivac x2  
  117  10:25  Marine x2  
  117  10:26  Marine  
  120  10:30  Refinery  
  120  10:32  Marine x2  
  120  10:35  Marauder, Marine  
  125  10:39  Ghost Academy  
  125  10:53  Terran Infantry Weapons Level 2  
  125  10:56  Refinery  
  125  11:03  Supply Depot  
  125  11:04  Supply Depot  
  125  11:06  Supply Depot  
  125  11:10  Ghost Academy, Refinery  
  125  11:11  Refinery  
  125  11:12  Missile Turret  
  125  11:20  Missile Turret  
  125  11:23  Command Center  
  125  11:25  SCV, Marauder x2, Marine  
  133  11:27  SCV  
  133  11:29  Medivac x2  
  136  11:32  Barracks Tech Lab  
  136  11:33  Barracks Reactor, Barracks Tech Lab  
  136  11:36  Personal Cloaking  
  136  11:37  SCV  
  138  11:40  SCV  
  138  11:46  Planetary Fortress  
  138  11:49  SCV  
  139  11:55  Marine x6  
  145  12:01  SCV  
  145  12:03  Terran Infantry Armor Level 2  
  146  12:24  SCV  
  146  12:26  Marine, Marauder x4  
  156  12:35  Medivac x2  
  156  12:36  SCV  
  161  12:37  Missile Turret  
  151  12:47  Marauder  
  155  12:58  Planetary Fortress, Refinery  
  155  13:01  Ghost  
  155  13:02  Ghost  
  157  13:05  Ghost  
  157  13:08  Command Center  
  141  13:22  Refinery  
  141  13:40  Nuke x2  
  140  13:41  Terran Vehicle Weapons Level 1  
  87  13:58  Marauder x2, Marine  
  87  13:59  Marine x3, Marauder x2  
  74  14:16  Marine  
  74  14:20  Marauder  
Tags
 
Composition
MMM Bio
Matchup
PvT
Replay Pack
me
Add a new tag
Caveats
  • Supply blocks, unpowered buildings, or Contaminate may cause inaccurate times.
  • Supply counts are checked every 10 seconds.